 Dungeon Crawl Stone Soup version 0.17.0-1-g61d176b (webtiles) character file.

321 UristPineapples the Skirmisher (level 6, -4/42 HPs)
             Began as a Gargoyle Fighter on Nov 7, 2015.
             Was a Believer of Zin.
             Killed by nerve-wracking pain
             ... invoked by Grinder
              (14 damage)
             ... on level 5 of the Dungeon.
             The game lasted 00:09:48 (2893 turns).

UristPineapples the Skirmisher (Gargoyle Fighter)   Turns: 2893, Time: 00:09:48

Health: -4/42      AC: 23    Str: 26    XL:     6   Next: 46%
Magic:  5/6        EV:  4    Int: 10    God:    Zin [**....]
Gold:   204        SH: 10    Dex: 11    Spells: 0 memorised, 5 levels left

rFire  + . .     SeeInvis .     z - +2 flail (protect)
rCold  . . .     Clarity  .     m - +0 plate armour
rNeg   + . .     SustAt   .     c - +0 shield
rPois  ∞         Gourm    .     C - +0 helmet
rElec  +         Spirit   .     s - +0 cloak
rCorr  .         Warding  .     (no gloves)
rMut   .         Stasis   .     (no boots)
MR     .....                    (no amulet)
Stlth  ..........               x - ring of protection from fire
                                A - +5 ring of strength

@: vitalised, not resistant to hostile enchantments, extremely unstealthy
A: negative energy resistance 1, electricity resistance, unbreathing,
petrification resistance, rot immunity, AC +4
a: Recite, Vitalisation, Donate Gold, Renounce Religion


You were on level 5 of the Dungeon.
You worshipped Zin.
Zin was pleased with you.
You were hungry.

You visited 1 branch of the dungeon, and saw 5 of its levels.

You collected 226 gold pieces.
You donated 22 gold pieces to Zin.

Inventory:

Hand Weapons
 z - a +2 flail of protection (weapon)
Armour
 c - a +0 shield (worn)
 m - a +0 plate armour (worn)
 s - a +0 cloak (worn)
 C - a +0 helmet (worn)
Jewellery
 k - an uncursed ring of flight
 x - a ring of protection from fire (right hand)
 A - a +5 ring of strength (left hand)
Scrolls
 a - a scroll of blinking {unknown}
 b - a scroll of fear {unknown}
 i - a scroll of random uselessness {unknown}
 j - a scroll of fog {unknown}
 l - 2 scrolls of remove curse {unknown}
 n - 2 scrolls of amnesia {unknown}
 p - 2 scrolls of recharging {unknown}
 q - 3 scrolls of identify {unknown}
 r - 4 scrolls of magic mapping {unknown}
 t - 3 scrolls of teleportation {unknown}
 y - a scroll of enchant weapon {unknown}
Potions
 d - a potion of might
 f - 6 potions of curing {unknown}
 o - a potion of lignification {unknown}
 u - a potion of brilliance {unknown}
 v - a potion of flight {unknown}
Comestibles
 e - 3 bread rations
 g - a beef jerky
 w - a meat ration


   Skills:
 * Level 6.6 Fighting
 + Level 4.0 Maces & Flails
 - Level 3.2 Armour
 - Level 3.2 Shields


You had 5 spell levels left.
You didn't know any spells.

Dungeon Overview and Level Annotations

Branches:
Dungeon (5/15)
 Temple: D:4-7

Altars:
Dithmenos
Fedhas
Kikubaaqudgha
Ru
Vehumet
Zin

Annotations:
D:5 Grinder


Innate Abilities, Weirdness & Mutations

You are resistant to torment.
Your stone body is resilient (AC +4).
You are immune to poison.
You resist negative energy.
You are resistant to electric shocks.
You can survive without breathing.
You are immune to petrification.
You are immune to rotting.


Message History

Grinder blinks!
Unknown command.
Grinder gestures.
Grinder blinks!
Found 10 gold pieces.
Grinder gestures at you. Pain shoots through your body!
* * * LOW HITPOINT WARNING * * *
Found 11 gold pieces.
You aren't carrying any items that can be evoked.
Zin grants you divine stamina.
Okay, then.
Unknown command.
Grinder gestures.
Grinder blinks!
There's no appreciative audience!
Grinder no longer looks unusually strong.
Grinder gestures at you. Pain shoots through your body!
You die...

........####..#.#.###
........# ...#...
#####.#.# ...... #
##.#.# ..##.
##.####....#####
#.......5......####
#..................
#......###5........
#......@...........
##.##........$..... #
#..............
#..........####
#............
........#...###
........##.....
...$....# .....


You could see Grinder.

Vanquished Creatures
  An ogre (D:4)
  An orc priest (D:4)
  A hound (D:4)
  A hound skeleton (D:4)
  7 gnolls
  2 adders (D:2)
  3 worms
  4 giant geckos
  10 orcs
  A ball python (D:2)
  7 bats
  8 giant cockroaches
  5 goblins
  11 hobgoblins
  3 jackals (D:1)
  5 kobolds
  A quokka (D:2)
  3 giant newts
  5 rats
79 creatures vanquished.

Vanquished Creatures (others)
  4 toadstools (D:1)
4 creatures vanquished.

Grand Total: 83 creatures vanquished

Notes
Turn   | Place    | Note
--------------------------------------------------------------
     0 | D:1      | UristPineapples the Gargoyle Fighter began the quest for the Orb.
     0 | D:1      | Reached XP level 1. HP: 14/14 MP: 1/1
    87 | D:1      | Reached XP level 2. HP: 18/20 MP: 2/2
   206 | D:1      | Reached skill level 4 in Fighting
   497 | D:1      | Reached XP level 3. HP: 24/24 MP: 3/3
   885 | D:2      | Reached XP level 4. HP: 28/30 MP: 4/4
   915 | D:2      | Reached skill level 5 in Fighting
  1226 | D:2      | Found an ancient bone altar of Kikubaaqudgha.
  1231 | D:2      | Found a sacrificial altar of Ru.
  1231 | D:2      | Found a glowing silver altar of Zin.
  1231 | D:2      | Found a shadowy altar of Dithmenos.
  1244 | D:2      | Found a radiant altar of Vehumet.
  1244 | D:2      | Found a blossoming altar of Fedhas.
  1264 | D:2      | Became a worshipper of Zin the Law-Giver
  1264 | D:2      | Reached * piety under Zin
  1408 | D:3      | Found a faded altar to an unknown god.
  1716 | D:3      | Reached XP level 5. HP: 35/35 MP: 5/5
  2232 | D:4      | Noticed an ogre
  2241 | D:4      | Killed an ogre
  2241 | D:4      | Reached skill level 6 in Fighting
  2241 | D:4      | Reached XP level 6. HP: 34/42 MP: 6/6
  2393 | D:4      | Reached ** piety under Zin
  2840 | D:5      | Entered Level 5 of the Dungeon
  2850 | D:5      | Noticed Grinder
  2852 | D:5      | Paralysed by Grinder for 2 turns
  2859 | D:5      | Paralysed by Grinder for 6 turns
  2893 | D:5      | Killed from afar by Grinder

Action                   |  1- 3 |  4- 6 || total
-------------------------+-------+-------++-------
Melee: Flail             |   132 |   191 ||   323
Invok: Vitalisation      |       |     1 ||     1
  Eat: Chunk             |       |     2 ||     2
       Bread ration      |       |     1 ||     1
